 Dungeon Crawl Stone Soup version 0.30-a0-1160-g6e42c06551 (webtiles) character file.

Game seed: 3175608703712906853

343 Mgcat the Conjurer (level 6, -1/41 HPs)
             Began as a Demonspawn Air Elementalist on Apr 26, 2023.
             Slain by a lemure (7 damage)
             ... led by Pikel
             ... on level 5 of the Dungeon.
             The game lasted 00:07:00 (4847 turns).

Mgcat the Conjurer (Demonspawn Air Elementalist)    Turns: 4847, Time: 00:07:00

Health: -1/41      AC:  4    Str:  8    XL:     6   Next: 31%
Magic:  5/10       EV: 13    Int: 19    God:
Gold:   210        SH:  0    Dex: 19    Spells: 10/11 levels left

rFire   . . .        s - +1 hand axe (freeze)
rCold   . . .        (no shield)
rNeg    + . .        a - +0 robe
rPois   .            (no helmet)
rElec   .            (no cloak)
rCorr   .            (no gloves)
SInv    .            (no boots)
Will    .....        B - amulet of magic regeneration
Stlth   +++          h - +6 ring of dexterity
HPRegen 0.26/turn    e - ring of positive energy {rN+}
MPRegen 0.52/turn

%: no passive effects
@: no status effects
A: thin metallic scales 1, weakness stinger 1
a: no special abilities


You were on level 5 of the Dungeon.
You visited 1 branch of the dungeon, and saw 5 of its levels.

You collected 210 gold pieces.

Inventory:

Hand Weapons
 s - a +1 hand axe of freezing (weapon)
   (You took it off an orc on level 3 of the Dungeon)
Armour
 a - a +0 robe (worn)
Jewellery
 e - a ring of positive energy (right hand) {rN+}
   (You found it on level 3 of the Dungeon)
 h - a +6 ring of dexterity (left hand)
   (You found it on level 1 of the Dungeon)
 B - an amulet of magic regeneration (around neck)
   (You found it on level 4 of the Dungeon)
Scrolls
 i - 2 scrolls of magic mapping {unknown}
 j - 11 scrolls of identify {unknown}
 o - a scroll of poison {unknown}
 p - a scroll of butterflies {unknown}
 q - a scroll of brand weapon {unknown}
 r - a scroll of fear {unknown}
 t - a scroll of silence {unknown}
 v - 2 scrolls of amnesia {unknown}
 w - a scroll of teleportation {unknown}
 y - 2 scrolls of noise {unknown}
 C - a scroll of vulnerability {unknown}
Potions
 b - 2 potions of magic
 c - 3 potions of invisibility {unknown}
 d - 2 potions of curing {unknown}
 f - a potion of heal wounds {unknown}
 g - a potion of ambrosia {unknown}
 k - a potion of degeneration {unknown}
 l - 3 potions of haste {unknown}
 m - 4 potions of lignification {unknown}
 n - 4 potions of brilliance {unknown}
 u - a potion of might {unknown}
 x - 3 potions of resistance {unknown}
 z - 2 potions of cancellation {unknown}
 A - a potion of attraction {unknown}


   Skills:
 + Level 3.0 Dodging
 + Level 3.0 Stealth
 + Level 3.0 Spellcasting
 * Level 3.7 Conjurations
 + Level 3.6 Air Magic


You had 10 spell levels left.
You knew the following spells:

 Your Spells              Type           Power      Damage    Failure   Level
a - Shock                 Conj/Air       64%        1d7       3%          1

Your spell library contained the following spells:

 Spells                   Type           Power      Damage    Failure   Level
 Magic Dart               Conj           68%        1d6       3%          1
 Static Discharge         Conj/Air       32%        2-4/arc   4%          2
 Swiftness                Air            16%        N/A       11%         3
 Sting                    Tmut/Pois      8%         1d3       16%         1
 Mephitic Cloud           Conj/Pois/Air  12%        N/A       17%         3
 Call Imp                 Summ           4%         N/A       22%         2
 Airstrike                Air            8%         2d(2-18)  34%         4
 Animate Dead             Necr           2%         N/A       83%         4
 Borgnjor's Vile Clutch   Necr/Erth      1%         N/A       99%         5
 Death Channel            Necr           1%         N/A       100%        6


Dungeon Overview and Level Annotations

Branches:
Dungeon (5/15)
 Temple: D:4-7

Altars:
Ru

Annotations:
D:5 3 runed translucent doors, Arzdou's ghost, novice DjFE; Pikel


Innate Abilities, Weirdness & Mutations

You are partially covered in thin metallic scales. (AC +2)
You have a small tail.


Message History

MP restored: 10 The lemure attacks as you move away!
The lemure closely misses you. The lemure attacks as you move away!
The lemure misses you. The lemure attacks as you move away!
The lemure hits you.
You take 1 damage, and have 39/41 hp.
The lemure attacks as you move away! The lemure hits you!
You take 7 damage, and have 33/41 hp.
The lemure attacks as you move away! The lemure barely misses you.
There is a stone staircase leading up, spattered with blood here.
Casting: Shock (safe; 3% risk of failure)
Confirm with . or Enter, or press ? or * to list all spells.
Aiming: Shock (safe; 3% risk of failure)
Press: ? - help, Shift-Dir - straight line, f/p - lemure
Aim: a lemure (heavily wounded, 64% to hit)
The zap hits the lemure but does no damage.
The lemure is heavily wounded.
The lemure closely misses you.
You now have 9/10 mp.
Casting: Shock (safe; 3% risk of failure)
Confirm with . or Enter, or press ? or * to list all spells.
Aiming: Shock (safe; 3% risk of failure)
Press: ? - help, Shift-Dir - straight line, f/p - lemure
Aim: a lemure (heavily wounded, 64% to hit)
The zap hits the lemure.
The lemure is heavily wounded.
The lemure hits you.
You take 3 damage, and have 32/41 hp.
Casting: Shock (safe; 3% risk of failure)
Confirm with . or Enter, or press ? or * to list all spells.
Aiming: Shock (safe; 3% risk of failure)
Press: ? - help, Shift-Dir - straight line, f/p - lemure
Aim: a lemure (heavily wounded, 64% to hit)
The zap hits the lemure.
The lemure is severely wounded.
The lemure hits you.
You take 5 damage, and have 27/41 hp.
You now have 8/10 mp.
Casting: Shock (safe; 3% risk of failure)
Confirm with . or Enter, or press ? or * to list all spells.
Aiming: Shock (safe; 3% risk of failure)
Press: ? - help, Shift-Dir - straight line, f/p - lemure
Aim: a lemure (severely wounded, 64% to hit)
The zap hits the lemure.
The lemure is severely wounded.
The lemure closely misses you.
Casting: Shock (safe; 3% risk of failure)
Confirm with . or Enter, or press ? or * to list all spells.
Aiming: Shock (safe; 3% risk of failure)
Press: ? - help, Shift-Dir - straight line, f/p - lemure
Aim: a lemure (severely wounded, 64% to hit)
The zap misses the lemure.
The lemure hits you but does no damage.
Casting: Shock (safe; 3% risk of failure)
Confirm with . or Enter, or press ? or * to list all spells.
Aiming: Shock (safe; 3% risk of failure)
Press: ? - help, Shift-Dir - straight line, f/p - lemure
Aim: a lemure (severely wounded, 64% to hit)
The zap hits the lemure.
The lemure is almost dead.
The lemure hits you. The lemure hits you!
You take 14 damage, and have 14/41 hp.
MASSIVE DAMAGE!!
You now have 7/10 mp.
Casting: Shock (safe; 3% risk of failure)
Confirm with . or Enter, or press ? or * to list all spells.
Aiming: Shock (safe; 3% risk of failure)
Press: ? - help, Shift-Dir - straight line, f/p - lemure
Aim: a lemure (almost dead, 64% to hit)
The zap misses the lemure.
The lemure barely misses you. The lemure completely misses you.
Casting: Shock (safe; 3% risk of failure)
Confirm with . or Enter, or press ? or * to list all spells.
Aiming: Shock (safe; 3% risk of failure)
Press: ? - help, Shift-Dir - straight line, f/p - lemure
Aim: a lemure (almost dead, 64% to hit)
The zap hits the lemure.
You kill the lemure!
That felt strangely unrewarding.
The lemure hits you.
You now have 6/10 mp.
Casting: Shock (safe; 3% risk of failure)
Confirm with . or Enter, or press ? or * to list all spells.
Aiming: Shock (safe; 3% risk of failure)
Press: ? - help, Shift-Dir - straight line The zap hits the lemure.
The lemure is lightly wounded.
The zap misses the lemure.
The lemure hits you!
* * * LOW HITPOINT WARNING * * *
You take 8 damage, and have 6/41 hp.
Casting: Shock (safe; 3% risk of failure)
Confirm with . or Enter, or press ? or * to list all spells.
Aiming: Shock (safe; 3% risk of failure)
Press: ? - help, Shift-Dir - straight line The zap misses the lemure. x2; The lemure hits you but does no damage.
You now have 5/10 mp.
Casting: Shock (safe; 3% risk of failure)
Confirm with . or Enter, or press ? or * to list all spells.
Aiming: Shock (safe; 3% risk of failure)
Press: ? - help, Shift-Dir - straight line The zap hits the lemure.
The lemure is moderately wounded.
The zap hits the lemure.
The lemure is heavily wounded.
The lemure hits you!
You die...

# #. #.#### .#
##....# ###.#
#...@.## ...#
......#(5.## ...##
.....###...###....#
......###......#
..# ...###....## .
#..##....#
#..#....##
#.......## .#
#........##


You could see a lemure.

Vanquished Creatures
  A lemure (D:5)
  A bullfrog (D:4)
  A jelly (D:4)
  A sleepcap (D:5)
  An iguana (D:3)
  An orc wizard (D:3)
  3 gnolls (D:4)
  3 adders
  A worm (D:2)
  10 dart slugs
  3 orcs
  10 bats
  9 endoplasms
  6 giant cockroaches
  7 goblins
  4 hobgoblins
  4 jackals (D:1)
  8 kobolds
  7 quokkas
  9 ball pythons
  A frilled lizard (D:3)
  5 rats
96 creatures vanquished.

Vanquished Creatures (others)
  2 fungi (D:1)
  3 plants (D:1)
5 creatures vanquished.

Grand Total: 101 creatures vanquished

Notes
Turn   | Place    | Note
-------+----------+-------------------------------------------
     0 | D:1      | Mgcat the Demonspawn Air Elementalist began the quest for
                  | the Orb.
     0 | D:1      | Reached XP level 1. HP: 13/13 MP: 3/3
   279 | D:1      | Reached skill level 2 in Dodging
   279 | D:1      | Gained mutation: You are partially covered in thin metallic
                  | scales. (AC +2) [demonic ancestry]
   279 | D:1      | Reached XP level 2. HP: 18/19 MP: 3/5
   589 | D:1      | Reached skill level 2 in Stealth
   766 | D:1      | Reached XP level 3. HP: 24/24 MP: 0/6
   911 | D:1      | Found a faded altar of an unknown god.
   919 | D:1      | Got Plato's Almanac of Venin
   931 | D:1      | Reached skill level 3 in Air Magic
  1184 | D:2      | Reached skill level 2 in Conjurations
  1716 | D:2      | Reached XP level 4. HP: 30/30 MP: 2/7
  2352 | D:3      | Found a sacrificial altar of Ru.
  3288 | D:4      | Gained mutation: You have a small tail. [demonic ancestry]
  3288 | D:4      | Reached XP level 5. HP: 35/35 MP: 0/8
  3373 | D:3      | Reached skill level 3 in Conjurations
  4224 | D:4      | Reached XP level 6. HP: 41/41 MP: 8/10
  4415 | D:5      | Entered Level 5 of the Dungeon
  4422 | D:4      | HP: 5/41 [acid (6)]
  4424 | D:4      | Reached skill level 3 in Dodging
  4424 | D:4      | Reached skill level 3 in Spellcasting
  4674 | D:5      | Reached skill level 3 in Stealth
  4786 | D:5      | Found a runed translucent gate.
  4787 | D:5      | Found a runed translucent gate.
  4794 | D:5      | Found a runed translucent gate.
  4794 | D:5      | Noticed Arzdou's ghost (novice DjFE)
  4812 | D:5      | Noticed Pikel
  4845 | D:5      | HP: 6/41 [lemure[Pikel] (8)]
  4847 | D:5      | Slain by a lemure

Illustrated notes

Levels and vault maps discovered:
D:1:      scummos_arrival_simple_crosswalls, layout_rooms,
          shapermc_ecumenical_altar_rom_forum, minmay_vboxes
D:2:      layout_rooms
D:3:      layout_basic, nicolae_ru_great_annihilating_truth
D:4:      layout_basic
D:5:      layout_layer_cave, grunt_temple_overflow_magic_moments,
          nemelex_xobeh_ov_fountains_minmay, gammafunk_ghost_necromancy,
          uniq_prince_ribbit1, uniq_pikel

Skill      XL: |  1  2  3  4  5  6 |
---------------+-------------------+-----
Dodging        | 2 3 |  3.0
Stealth        | 2 3 |  3.0
Air Magic      | 3 |  3.6
Conjurations   | 2 3 |  3.7
Spellcasting   | 3 |  3.0

Action                     |  1- 3 |  4- 6 || total
---------------------------+-------+-------++-------
  Melee: Short sword       |    16 |    11 ||    27
         Hand axe          |       |    10 ||    10
   Cast: Shock             |   120 |   168 ||   288
   Stab: Sleeping          |       |     1 ||     1
 Armour: Robe              |    29 |    18 ||    47
  Dodge: Dodged            |    46 |    76 ||   122

Table legend: (Time is in decaauts)
 A = Elapsed time spent in this place.
 B = Non-inter-level travel time spent in this place.
 C = Inter-level travel time spent in this place.
 D = Time resting spent in this place.
 E = Time spent auto-exploring this place.
 F = Levels seen in this place.
 G = Mean time per level.
                   A        B        C        D        E       F      G
               +--------+--------+--------+--------+--------+-----+--------+
         Total |   4850 |   4780 |     70 |    736 |   3201 |   5 |  970.0 |
       Dungeon |   4850 |   4780 |     70 |    736 |   3201 |   5 |  970.0 |
               +--------+--------+--------+--------+--------+-----+--------+

Top non-repeatable levels by time:
     D:3: 1395 daAuts
     D:4: 1259 daAuts
     D:1: 1165 daAuts
     D:2: 842 daAuts
     D:5: 188 daAuts

Levels and vault maps discovered:
D:1:      scummos_arrival_simple_crosswalls, layout_rooms,
          shapermc_ecumenical_altar_rom_forum, minmay_vboxes
D:2:      layout_rooms
D:3:      layout_basic, nicolae_ru_great_annihilating_truth
D:4:      layout_basic
D:5:      layout_layer_cave, grunt_temple_overflow_magic_moments,
          nemelex_xobeh_ov_fountains_minmay, gammafunk_ghost_necromancy,
          uniq_prince_ribbit1, uniq_pikel

Table legend: (Time is in decaauts)
 A = Elapsed time spent in this place.
 B = Non-inter-level travel time spent in this place.
 C = Inter-level travel time spent in this place.
 D = Time resting spent in this place.
 E = Time spent auto-exploring this place.
 F = Levels seen in this place.
 G = Mean time per level.
                   A        B        C        D        E       F      G
               +--------+--------+--------+--------+--------+-----+--------+
         Total |   4850 |   4780 |     70 |    736 |   3201 |   5 |  970.0 |
       Dungeon |   4850 |   4780 |     70 |    736 |   3201 |   5 |  970.0 |
               +--------+--------+--------+--------+--------+-----+--------+

Top non-repeatable levels by time:
     D:3: 1395 daAuts
     D:4: 1259 daAuts
     D:1: 1165 daAuts
     D:2: 842 daAuts
     D:5: 188 daAuts

Table legend:
 A = Kills in this place as a percentage of kills in the entire game.
 B = Kills by you in this place as a percentage of kills by you in the entire game.
 C = Kills by friends in this place as a percentage of kills by friends in the entire game.
 D = Other kills in this place as a percentage of other kills in the entire game.
 E = Experience gained in this place as a percentage of experience gained in the entire game.
 F = Experience gained in this place divided by the number of levels of this place that you have seen.
                   A       B       C       D       E      F
               +-------+-------+-------+-------+-------+----------------------
         Total | 100.0 | 100.0 |   N/A |   N/A | 100.0 |  98.2
       Dungeon | 100.0 | 100.0 |   N/A |   N/A | 100.0 |  98.2
               +-------+-------+-------+-------+-------+----------------------
